 Dungeon Crawl Stone Soup version 0.28-a0-622-gbaef9634d7 (webtiles) character file.

Game seed: 4164055711302511340

7 siradein the Poker (level 1, -1/18 HPs)
             Began as a Draconian Gladiator on Oct 8, 2021.
             Frozen to death by an endoplasm (3 damage)
             ... on level 1 of the Dungeon.
             The game lasted 00:00:38 (222 turns).

siradein the Poker (Draconian Gladiator)             Turns: 222, Time: 00:00:39

Health: -1/18      AC:  4    Str: 16    XL:     1   Next: 91%
Magic:  1/1        EV: 12    Int:  8    God:
Gold:   13         SH:  0    Dex: 12    Spells: 0/0 levels left

rFire   . . .      SeeInvis .   a - +0 trident
rCold   . . .      Faith    .   (no shield)
rNeg    . . .      Spirit   .   (armour unavailable)
rPois   .          Reflect  .   (helmet restricted)
rElec   .          Harm     .   (no cloak)
rCorr   .          Rampage  .   (no gloves)
Will    .....                   (no boots)
Stlth   +.........              (no amulet)
HPRegen 0.06/turn               (no ring)
MPRegen 0.07/turn               (no ring)

@: no status effects
A: AC +4, unfitting armour, cold-blooded
a: no special abilities


You were on level 1 of the Dungeon.
You visited 1 branch of the dungeon, and saw 1 of its levels.

You collected 13 gold pieces.

Inventory:

Hand Weapons
 a - a +0 trident (weapon)
Missiles
 c - 3 throwing nets (quivered)


   Skills:
 + Level 2.4 Fighting
 + Level 3.1 Polearms
 + Level 2.0 Throwing
 + Level 2.8 Dodging


You couldn't memorise any spells.
You didn't know any spells.
Your spell library was empty.

Dungeon Overview and Level Annotations

Branches:
Dungeon (1/15)

Altars:


Innate Abilities, Weirdness & Mutations

Your plain brown scales are hard. (AC +4)
You cannot fit into any form of body armour.
You are cold-blooded and may be slowed by cold attacks.


Message History

The quokka bites you but does no damage.
You see here a frilled lizard corpse.
The endoplasm jiggles.
The quokka bites you.
You are too injured to fight recklessly!
You are too injured to fight recklessly!
You barely miss the quokka.
Your tail-slap misses the quokka.
The quokka twitches its whiskers.
The quokka bites you.
The endoplasm jiggles.
The quokka bites you.
* * * LOW HITPOINT WARNING * * *
You puncture the quokka!
You kill the quokka!
Your Throwing skill increases to level 2!
You closely miss the ball python.
Your tail-slap misses the ball python.
The ball python bites you.
* * * LOW HITPOINT WARNING * * *
The ball python grabs you. The ball python constricts you.
The ball python bites you.
* * * LOW HITPOINT WARNING * * *
The ball python constricts you.
You escape the ball python's grasp.
You hit the ball python.
The ball python is moderately wounded.
The ball python closely misses you. The ball python grabs you.
The ball python constricts you.
You barely miss the ball python.
The ball python is moderately wounded.
The ball python barely misses you. The ball python constricts you.
* * * LOW HITPOINT WARNING * * *
You escape the ball python's grasp.
The ball python closely misses you. The ball python grabs you.
The ball python constricts you.
You escape the ball python's grasp.
The ball python closely misses you. The ball python barely misses you.
The endoplasm jiggles.
The endoplasm freezes you.
You are frozen.
You die...

##.##.# #.##.#
######### #.##.#
........######.##.#
..........J.......#
##......###....####
##.#.#..###....#
.............###
##.#.#..#J@..#
#......#....#
###.#..S..<.#
#.#.##.(.># # #.
####'##### #.
#......# ##
#......# #......+
########


You could see an endoplasm and a ball python.

Vanquished Creatures
  An endoplasm (D:1)
  A hobgoblin (D:1)
  A quokka (D:1)
  A ball python (D:1)
  2 frilled lizards (D:1)
  A kobold (D:1)
  A rat (D:1)
8 creatures vanquished.

Notes
Turn   | Place    | Note
-------+----------+-------------------------------------------
     0 | D:1      | siradein the Draconian Gladiator began the quest for the
                  | Orb.
     0 | D:1      | Reached XP level 1. HP: 17/17 MP: 1/1
   150 | D:1      | Found a faded altar of an unknown god.
   222 | D:1      | Frozen to death by an endoplasm

Illustrated notes

Levels and vault maps discovered:
D:1:      dpeg_arrival_connections, layout_loops_ring,
          hellmonk_ecumenical_altar_crossroads

Skill      XL: |  1 |
---------------+----+-----
Throwing       | 2 |  2.0
Fighting       | |  2.4
Polearms       | |  3.1
Dodging        | |  2.8

Action                   || total
-------------------------++-------
Melee: Trident           ||    26
       Tailslap          ||     1
Armor: Skin              ||     8
Dodge: Dodged            ||    21

Table legend: (Time is in decaauts)
 A = Elapsed time spent in this place.
 B = Non-inter-level travel time spent in this place.
 C = Inter-level travel time spent in this place.
 D = Time resting spent in this place.
 E = Time spent auto-exploring this place.
 F = Levels seen in this place.
 G = Mean time per level.
                   A        B        C        D        E       F      G
               +--------+--------+--------+--------+--------+-----+--------+
         Total |    226 |    226 |      0 |      0 |    128 |   1 |  226.0 |
       Dungeon |    226 |    226 |      0 |      0 |    128 |   1 |  226.0 |
               +--------+--------+--------+--------+--------+-----+--------+

Top non-repeatable levels by time:
     D:1: 226 daAuts
